 Dungeon Crawl Stone Soup version 0.14-a0-3278-gb24e923 (webtiles) character file.

100 4tharraofdagon the Chopper (level 4, 0/38 HPs)
             Began as a Ghoul Gladiator on Mar 13, 2014.
             Slain by an ogre
             ... wielding a +0,+0 giant spiked club
              (22 damage)
             ... on Level 4 of the Dungeon.
             The game lasted 00:02:00 (392 turns).

4tharraofdagon the Chopper (Ghoul Gladiator)         Turns: 392, Time: 00:02:00

HP   0/38        AC  7     Str 19      XL: 4   Next: 60%
MP   3/3         EV 10     Int  3      God:
Gold 8           SH  0     Dex  9      Spells:  0 memorised,  3 levels left

rFire  . . .     SeeInvis .     a - +0 war axe
rCold  + . .     Clarity  .     q - +0 ring mail
rNeg   + + +     Conserve .     (no shield)
rPois  +         rCorr    .     c - +0 helmet
rElec  .         rRot     +     h - +0 cloak
SustAb . .       Spirit   .     (no gloves)
rMut   .         Warding  .     (no boots)
Saprov + + +     Stasis   .     (no amulet)
MR     .....                    (no ring)
                                g - ring of positive energy {unknown}

@: rotting, not resistant to hostile enchantments, extremely unstealthy
A: rotting body, claws 1, carnivore 3, cold resistance 1, life protection 3,
poison resistance, saprovore 3, slow healing 1, torment resistance, unbreathing
a: no special abilities


You were on level 4 of the Dungeon.
You were not hungry.

You visited 2 branches of the dungeon, and saw 5 of its levels.

You collected 8 gold pieces.

Inventory:

Hand weapons
 a - a +0,+0 war axe (weapon)
Armour
 b - a +0 leather armour
 c - a +0 helmet (worn)
 h - a +0 cloak (worn)
 q - a +0 ring mail (worn)
Comestibles
 k - a rotting chunk of giant cockroach flesh
 o - a rotting chunk of bat flesh
 p - 3 chunks of ogre flesh
Scrolls
 e - a scroll of remove curse {unknown}
 f - a scroll of recharging {unknown}
 j - a scroll of fear {unknown}
 l - a scroll of teleportation {unknown}
 n - a scroll of enchant weapon I {unknown}
Jewellery
 g - a ring of positive energy (left claw) {unknown}
Potions
 i - a potion of heal wounds {unknown}
Books
 m - a book of Callings

   Spells                             Type                      Level
   Summon Small Mammal                Summoning                    1
   Call Imp                           Summoning                    2
   Call Canine Familiar               Summoning                    3
   Summon Guardian Golem              Hexes/Summoning              4
   Summon Lightning Spire             Summoning/Air                4
   Summon Ice Beast                   Ice/Summoning                4
 r - a book of Maledictions

   Spells                             Type                      Level
   Corona                             Hexes                        1
   Sure Blade                         Hexes/Charms                 2
   Ensorcelled Hibernation            Hexes/Ice                    2
   Confuse                            Hexes                        3
   Enslavement                        Hexes                        4
   Invisibility                       Hexes                        6


   Skills:
 + Level 3.1 Fighting
 * Level 3.9 Axes
 - Level 1.7 Throwing
 + Level 1.5 Armour
 - Level 2.6 Dodging


You had 3 spell levels left.
You didn't know any spells.

Dungeon Overview and Level Annotations

Branches:
Dungeon (4/15)             Temple (1/1) D:4

Altars:
Ashenzari
Cheibriados
Dithmenos
Elyvilon
Fedhas
Nemelex Xobeh
Okawaru
Sif Muna
Trog
Xom
Yredelemnul
The Shining One


Innate Abilities, Weirdness & Mutations

Your body is rotting away.
You have sharp fingernails.
You are carnivorous and can eat meat at any time.
Your flesh is cold resistant.
You are immune to negative energy.
Your system is resistant to poisons.
You thrive on rotten meat.
You heal slowly when monsters are visible.
You are immune to unholy pain and torment.
You can survive without breathing.


Message History

Things that are here:
an ogre skeleton; a giant spiked club
r - a book of Maledictions You open the door.
There is an open door here.
Found a bread ration.
Found a pear.
You smell decay.
Yum-yum. (slot o)
An ogre comes into view. It is wielding a giant spiked club.
The ogre shouts!
A kobold comes into view. It is wielding a dagger.
The kobold shouts!
The ogre hits you with a giant spiked club!
Throwing (i - inventory):
d - a throwing net (quivered)
Press: ? - help, Shift-Dir - straight line, f - ogre
Aim: an ogre, wielding a giant spiked club You throw a throwing net.
The throwing net misses the ogre.
The ogre hits you with a giant spiked club!
Ouch! That really hurt!
You die...

##.##....####...........####.###
#......................≈§%......
#..#......##########..≈§§≈≈...##
#..#..⌠..## ##≈≈≈§≈≈≈..##
#..#.....# #§§≈>§§≈....
##..#.....######## #≈§≈≈≈≈≈..##
.%...##.#.#......### #.≈§§§≈.....
.%...##.#.#........###..≈§≈..##..
................@O...(....#### ..
.....##.#.#......#.####.### ..
.....##.#...###.## # #. ##
.....##.#...# #.# #.
.....##.#........
.....##.#.........
###.###.#.......... ..#
#.#.......... . #.#.... ...


You could see an ogre.

Vanquished Creatures
  An ogre (D:4)
  A giant cockroach (D:3)
  A goblin (D:2)
  A kobold (D:1)
  2 bats
  2 rats (D:1)
8 creatures vanquished.

Notes
Turn   | Place    | Note
--------------------------------------------------------------
     0 | D:1      | 4tharraofdagon, the Ghoul Gladiator, began the quest for the Orb.
     0 | D:1      | Reached XP level 1. HP: 17/17 MP: 1/1
   111 | D:3      | Reached skill level 3 in Axes
   173 | D:3      | Reached XP level 2. HP: 22/24 MP: 2/2
   191 | D:4      | Found a staircase to the Ecumenical Temple.
   191 | D:4      | Noticed an ogre
   208 | D:4      | Killed an ogre
   208 | D:4      | Reached skill level 1 in Armour
   208 | D:4      | Reached XP level 3. HP: 21/30 MP: 3/3
   208 | D:4      | Reached XP level 4. HP: 25/37 MP: 3/3
   219 | Temple   | Entered the Ecumenical Temple
   388 | D:4      | Noticed an ogre
   392 | D:4      | Slain by an ogre

Action                   |  1- 3 |  4- 6 || total
-------------------------+-------+-------++-------
Melee: War axe           |    24 |       ||    24
Throw: Throwing net      |     2 |     1 ||     3
 Stab: Held in net/web   |     1 |       ||     1
